 Dungeon Sprint DCSS version 0.28.0-43-g3370ac3207 (webtiles) character file.

Game seed: 13576180228523236550

257 boopmooplesden the Protected (level 5, 0/55 (57) HPs)
             Began as a Minotaur Fighter on Mar 1, 2022.
             Slain by a necrophage (3 damage)
             ... in the Dungeon (Sprint II: "The Violet Keep of Menkaure").
             The game lasted 00:00:13 (23 turns).

boopmooplesden the Protected (Minotaur Fighter)       Turns: 23, Time: 00:00:13

HP:   0/55 (57)     AC:  8    Str: 23    XL:     5   Next: 93%
MP:   4/4           EV:  9    Int:  5    God:
Gold: 0             SH:  5    Dex:  9    Spells: 4/4 levels left

rFire   . . .      SeeInvis .   a - +0 war axe
rCold   . . .      Faith    .   c - +0 buckler
rNeg    . . .      Spirit   .   b - +0 scale mail
rPois   .          Reflect  .   (helmet restricted)
rElec   .          Harm     .   (no cloak)
rCorr   .          Rampage  .   (no gloves)
Will    .....      NoTele   +   (no boots)
Stlth   ..........              (no amulet)
HPRegen 0.18/turn               (no ring)
MPRegen 0.09/turn               (no ring)

@: mighty, lightly drained
A: horns 2, retaliatory headbutt
a: no special abilities


You were in the Dungeon.
You visited 1 branch

Inventory:

Hand Weapons
 a - a +0 war axe (weapon)
Armour
 b - a +0 scale mail (worn)
 c - a +0 buckler (worn)
Scrolls
 j - a scroll of blinking
Potions
 e - a potion of curing
 f - a potion of heal wounds
 g - a potion of haste
 h - 2 potions of magic
 i - a potion of berserk rage


   Skills:
 + Level 9.0 Fighting
 + Level 5.2 Axes
 + Level 9.0 Armour
 + Level 8.6 Shields


You had 4 spell levels left.
You didn't know any spells.
Your spell library was empty.

Dungeon Overview and Level Annotations

Branches:
Dungeon (1/1)

Altars:


Innate Abilities, Weirdness & Mutations

You have a pair of horns on your head.
You reflexively headbutt those who attack you in melee.


Message History

Your Fighting skill gained 2 levels and is now at level 8!
Your Axes skill increases to level 4!
Your Armour skill gained 2 levels and is now at level 8!
Your Shields skill increases to level 7!
You have reached level 5!
You closely miss the necrophage. The necrophage hits you.
* * * LOW HITPOINT WARNING * * *
You closely miss the necrophage. The necrophage hits you.
* * * LOW HITPOINT WARNING * * *
You feel drained.
You barely miss the necrophage. You headbutt the necrophage.
The necrophage is lightly damaged.
The necrophage hits you but does no damage.
You block the necrophage's attack.
You slash the necrophage!
The necrophage is severely damaged.
You block the necrophage's attack.
You slash the necrophage!
You destroy the necrophage!
Your life force feels restored.
Your Fighting skill increases to level 9!
Your Axes skill increases to level 5!
Your Armour skill increases to level 9!
Your Shields skill increases to level 8!
You hit the necrophage.
The necrophage is lightly damaged.
You block the necrophage's attack. x2
You barely miss the necrophage.
The necrophage is lightly damaged.
The necrophage hits you.
* * * LOW HITPOINT WARNING * * *
You feel drained.
* * * LOW HITPOINT WARNING * * *
You slice the necrophage!!
The necrophage is almost destroyed.
The necrophage barely misses you.
You barely miss the necrophage.
The necrophage is almost destroyed.
The necrophage hits you but does no damage.
The necrophage hits you.
You die... ## ## ##. .## .. .. # B#B

# #. #+#
.##
#l##.##...#
#+.<@n#
#l##.##...#
#. #+# .##
# #


You could see a necrophage.

Vanquished Creatures
  3 necrophages (D)
3 creatures vanquished.

Notes
Turn   | Place    | Note
-------+----------+-------------------------------------------
     0 | D        | boopmooplesden the Minotaur Fighter began the quest for the
                  | Orb.
     0 | D        | Reached XP level 1. HP: 19/19 MP: 0/0
     1 | D        | Noticed a wyvern
     1 | D        | Noticed a wyvern
     4 | D        | Noticed a boulder beetle
     4 | D        | Noticed a boulder beetle
     7 | D        | Noticed a necrophage
     7 | D        | Noticed a necrophage
     7 | D        | Noticed a necrophage
     7 | D        | Noticed a necrophage
    11 | D        | Killed a necrophage
    12 | D        | Reached XP level 2. HP: 9/31 MP: 1/1
    12 | D        | Reached XP level 3. HP: 11/38 MP: 2/2
    12 | D        | Reached XP level 4. HP: 13/45 MP: 3/3
    14 | D        | Killed a necrophage
    15 | D        | Reached XP level 5. HP: 12/53 MP: 4/4
    19 | D        | Killed a necrophage
    20 | D        | Reached skill level 5 in Axes
    23 | D        | Slain by a necrophage

Illustrated notes

Levels and vault maps discovered:
D:        the_violet_keep_of_menkaure [sprint2_stairs_cluster_1,
          sprint2_shoproom, sprint2_temple, sprint2_basic_supplies,
          sprint2_obstacle_3, sprint2_obstacle_5, sprint2_obstacle_4,
          sprint2_obstacle_6, sprint2_obstacle_1, sprint2_timed_cluster_1,
          sprint2_smallroom_cluster_1, sprint2_smallroom_final_cluster_1,
          sprint2_transparent_cluster_1, sprint2_second_timed_cluster_1,
          sprint2_sniper_area_1, sprint2_heavy_combat_area_1,
          sprint2_mutation_trap_area_1, sprint2_forest_area_1,
          sprint2_light_combat_area_1, sprint2_behind_water_1,
          sprint2_near_end_vault_1]

Skill      XL: |  1  2  3  4  5 |
---------------+----------------+-----
Fighting       | 6 8 9 |  9.0
Axes           | 3 4 5 |  5.2
Armour         | 6 8 9 |  9.0
Shields        | 6 7 8 |  8.6

Action                   |  1- 3 |  4- 6 || total
-------------------------+-------+-------++-------
Melee: War axe           |     3 |    12 ||    15
       Headbutt          |     1 |     2 ||     3
  Use: Potion            |     1 |       ||     1
Armor: Scale mail        |       |     3 ||     3
Dodge: Dodged            |     1 |     1 ||     2
Block: Buckler           |     1 |     4 ||     5
